 Dungeon Crawl Stone Soup version 0.31-a0-236-g9a0961fb85 (webtiles) character file.

Game seed: 11694851383772766046

11406 qw the Marksminotaur (level 11, -5/101 HPs)
             Began as a Minotaur Hexslinger on July 10, 2023.
             Slain by a death yak (10 damage)
             ... on level 11 of the Dungeon.
             The game lasted 00:04:47 (10936 turns).

qw the Marksminotaur (Minotaur Hexslinger)         Turns: 10936, Time: 00:04:48

Health: -5/101     AC: 17    Str: 14    XL:     11   Next: 48%
Magic:  11/11      EV: 13    Int: 10    God:
Gold:   665        SH:  5    Dex: 16    Spells: 11/12 levels left

rFire   + . .        Y - +0 arbalest
rCold   + . .        (shield currently unavailable)
rNeg    . . .        p - +3 ring mail {rC+}
rPois   .            (helmet restricted)
rElec   .            i - +2 cloak
rCorr   .            q - +0 pair of gloves
SInv    .            o - +2 pair of boots
Will    .....        l - amulet of reflection
Stlth   +            b - ring of protection from fire
HPRegen 0.36/turn    (no ring)
MPRegen 0.12/turn

%: reflection, clarity
@: about to teleport
A: horns 2, retaliatory headbutt, clarity, MP-powered wands
a: no special abilities


You were on level 11 of the Dungeon.
You visited 2 branches of the dungeon, and saw 12 of its levels.
You also visited: Sewer.

You collected 665 gold pieces.


Innate Abilities, Weirdness & Mutations

You have a pair of horns on your head.
You reflexively headbutt those who attack you in melee.
You possess an exceptional clarity of mind.
You expend magic power (3 MP) to strengthen your wands.


   Skills:
 - Level 10.5 Fighting
 + Level 15.4 Ranged Weapons
 - Level 6.6 Armour
 - Level 6.0 Dodging
 - Level 1.0 Spellcasting
 - Level 2.0 Hexes


You had 11 spell levels left.
You knew the following spells:

 Your Spells              Type           Power      Damage    Failure   Level
a - Slow                  Hex            16%        N/A       28%         1

Your spell library contained the following spells:

 Spells                   Type           Power      Damage    Failure   Level
 Inner Flame              Hex/Fire       2%         N/A       77%         3
 Portal Projectile        Hex/Tloc       4%         N/A       77%         3
 Cause Fear               Hex            2%         N/A       95%         4

Inventory:

Hand Weapons
 Y - a +0 arbalest (weapon)
Armour
 i - a +2 cloak (worn)
 o - a +2 pair of boots (worn)
 p - a +3 ring mail of cold resistance (worn)
 q - a +0 pair of gloves (worn)
 r - a +0 troll leather armour
Jewellery
 b - a ring of protection from fire (left hand)
 l - an amulet of reflection (around neck)
Scrolls
 d - a scroll of teleportation
 g - 7 scrolls of identify
Potions
 a - 3 potions of curing
 c - a potion of resistance
 f - a potion of enlightenment
 h - 2 potions of might
 j - a potion of cancellation
 k - 2 potions of mutation
 m - 3 potions of haste

Dungeon Overview and Level Annotations

Branches:
Dungeon (11/15)            Temple (1/1) D:5           Sewer (visited)
   Lair: D:8-11         Orc: D:9-12

Altars:
Ashenzari
Cheibriados
Dithmenos
Elyvilon
Fedhas
Gozag
Hepliaklqana
Kikubaaqudgha
Makhleb
Nemelex Xobeh
Okawaru
Qazlal
Ru
Sif Muna
Trog
Uskayaw
Vehumet
Wu Jian
Xom
Yredelemnul
Zin
The Shining One

Shops:
D:6 :

Portals:
Abyss: D:7

Annotations:
D:3 1 runed translucent door, Crazy Yiuf
D:7 2 transporters, qw's ghost, novice MiHs


Message History

The death yak is moderately wounded.
The death yak closely misses you.
The death yak gores you but does no damage.
The death yak gores you!!
A wraith comes into view.
A cyclops comes into view.
You shoot a bolt. The bolt hits the death yak!
The death yak is heavily wounded.
The death yak misses you. The death yak closely misses you.
You furiously retaliate!
You headbutt the death yak! The death yak gores you.
You shoot a bolt.
The bolt hits the death yak but does no damage.
The death yak is heavily wounded.
You block the death yak's attack. The death yak barely misses you.
The death yak gores you but does no damage. x2
The death yak gores you. The death yak gores you!
You shoot a bolt. The bolt hits the death yak!!
The death yak is severely wounded.
The death yak closely misses you. You block the death yak's attack.
The death yak gores you but does no damage.
You shoot a bolt. The bolt hits the death yak!
The death yak is almost dead.
The death yak barely misses you. The death yak closely misses you.
The death yak gores you but does no damage.
You shoot a bolt. The bolt hits the death yak!!
You kill the death yak!
The death yak gores you. The death yak gores you!!
You shoot a bolt.
The bolt hits the death yak but does no damage.
The death yak is lightly wounded.
The death yak gores you! x2; The death yak closely misses you.
10935 ||| READING 2 scrolls of teleportation.
As you read the scroll of teleportation, it crumbles to dust.
You feel strangely unstable. The death yak closely misses you.
The death yak gores you!
The death yak gores you but does no damage.
You shoot a bolt. The bolt hits the death yak!!
The death yak is heavily wounded.
The death yak misses you. You furiously retaliate!
You headbutt the death yak. You block the death yak's attack.
The death yak gores you!
You die...

..... .....
#######..... ##
#####...........
#.##...#.#.........
#.##...#...YWC.....
#.###..#..YYYY....#
##.###..####@##
#.............#
#...###########
+...## #.<..#
######


You could see 5 death yaks, a cyclops and a wraith.

Vanquished Creatures
  2 two-headed ogres
  A death yak (D:11)
  Urug (D:10)
  A gargoyle (D:10)
  A troll (D:9)
  A tarantella (shapeshifter) (D:9)
  Sigmund (D:5)
  2 wraiths
  10 yaks
  4 fire bats (D:9)
  2 steam dragons
  A vampire mosquito (D:10)
  Edmund (D:4)
  A hell hound (D:9)
  A black bear (D:8)
  A sky beast (D:7)
  2 ice beasts (D:7)
  8 orc warriors
  A wolf (D:8)
  2 ogres
  3 phantoms
  2 centaurs (D:6)
  4 gnoll sergeants
  6 kobold brigands
  5 bullfrogs
  4 scorpions
  11 wights
  7 killer bees
  A howler monkey (D:9)
  2 lava snakes (D:9)
  12 hounds
  5 orc priests
  2 jellies
  2 gnoll boudas
  Jessica (D:2)
  4 iguanas
  Ijyb (D:2)
  6 orc wizards
  Robin (D:2)
  7 adders
  26 gnolls
  A shadow imp (D:7)
  A white imp (D:5)
  An ufetubus (D:5)
  8 worms
  3 dart slugs
  15 orcs
  10 ball pythons
  3 endoplasms
  6 giant cockroaches
  15 goblins
  11 hobgoblins
  5 jackals (D:8)
  3 quokkas
  3 bats (Sewer)
  6 frilled lizards
  26 kobolds
  4 rats
  3 fire vortices (D:9)
280 creatures vanquished.

Notes
Turn   | Place    | Note
-------+----------+-------------------------------------------
     0 | D:1      | qw the Minotaur Hexslinger began the quest for the Orb.
     0 | D:1      | Reached XP level 1. HP: 16/16 MP: 1/1
     0 | D:1      | 0 ||| qw: Version: 0.3-a-52-g30416fa
     0 | D:1      | 0 ||| qw: Game counter: 4811
     0 | D:1      | 0 ||| qw: Melee chars always use a shield: true
     0 | D:1      | 0 ||| qw: God list: Okawaru
     0 | D:1      | 0 ||| qw: Allow faded altars: false
     0 | D:1      | 0 ||| qw: Do Orc after clearing Dungeon:15 true
     0 | D:1      | 0 ||| qw: Do second Lair branch before Depths: true
     0 | D:1      | 0 ||| qw: Lair rune preference: random
     0 | D:1      | 0 ||| qw: Goals: Normal
     0 | D:1      | 0 ||| PLANNING D:1-11
   111 | D:1      | Reached skill level 3 in Ranged Weapons
   111 | D:1      | Reached XP level 2. HP: 23/23 MP: 2/2
   524 | D:1      | 524 ||| UPGRADING to +3 leather armour.
   534 | D:1      | 534 ||| DROPPING +0 robe.
   535 | D:1      | 535 ||| UPGRADING to +1 cloak.
   540 | D:1      | 540 ||| READING scroll labelled YNKUON MUDEF.
   541 | D:1      | 541 ||| READING scroll labelled SIURHAKEECS.
   542 | D:1      | 542 ||| READING 2 scrolls labelled CEMEUNIYCK.
   543 | D:1      | 543 ||| DROPPING scroll of poison.
   749 | D:2      | Reached XP level 3. HP: 29/29 MP: 3/3
   808 | D:2      | Noticed Jessica
   829 | D:2      | Killed Jessica
   830 | D:2      | Reached skill level 4 in Ranged Weapons
   943 | D:2      | Reached XP level 4. HP: 34/36 MP: 4/4
  1061 | D:2      | Found a faded altar of an unknown god.
  1089 | D:2      | 1089 ||| READING scroll labelled ZUOCZE FOPP.
  1090 | D:2      | 1090 ||| READING scroll labelled BOH ZUD PEM.
  1091 | D:2      | 1091 ||| READING scroll labelled HUEB UWNODGH.
  1096 | D:2      | 1096 ||| READING scroll labelled RALOSU FULERE.
  1097 | D:2      | 1097 ||| DRINKING 2 glowing purple potions.
  1098 | D:2      | 1098 ||| READING 2 scrolls of identify.
  1098 | D:2      | 1098 ||| IDENTIFYING metallic yellow potion
  1105 | D:3      | Noticed Ijyb
  1105 | D:3      | Noticed Robin
  1108 | D:3      | 1108 ||| STAIRDANCE
  1112 | D:2      | Killed Robin
  1113 | D:2      | Reached skill level 5 in Ranged Weapons
  1115 | D:2      | HP: 9/36 [poisoned by a goblin]
  1116 | D:2      | 1116 ||| DRINKING potion of heal wounds.
  1128 | D:3      | 1128 ||| STAIRDANCE
  1188 | D:3      | 1188 ||| STAIRDANCE
  1195 | D:2      | Killed Ijyb
  1196 | D:2      | Reached skill level 3 in Fighting
  1241 | D:3      | Noticed a phantom
  1259 | D:3      | Killed a phantom
  1260 | D:3      | Reached XP level 5. HP: 33/45 MP: 5/5
  1318 | D:3      | 1318 ||| READING scroll of enchant armour.
  1318 | D:3      | 1318 ||| ENCHANTING +1 cloak.
  1478 | D:3      | Reached skill level 6 in Ranged Weapons
  1514 | D:3      | Found a runed translucent door.
  1515 | D:3      | Noticed Crazy Yiuf
  1846 | D:3      | Reached skill level 1 in Armour
  2137 | D:3      | 2137 ||| READING scroll labelled USTREA GUONI.
  2138 | D:3      | 2138 ||| READING scroll labelled NUYKIF XOLUHI.
  2139 | D:3      | 2139 ||| READING 2 scrolls labelled DEKIOF XUNEPI.
  2140 | D:3      | 2140 ||| DROPPING scroll of revelation.
  2168 | D:4      | 2168 ||| PLANNING SEWER
  2252 | D:4      | Reached XP level 6. HP: 51/51 MP: 6/6
  2415 | D:4      | Noticed Edmund
  2432 | D:4      | HP: 12/52 [Edmund/+1 dire flail of protection (7)]
  2433 | D:4      | 2433 ||| READING scroll of teleportation.
  2438 | D:4      | 2438 ||| FLEEEEING.
  2438 | D:4      | Found a glowing drain.
  2440 | D:4      | 2440 ||| FLEEEEING.
  2443 | D:4      | 2443 ||| FLEEEEING.
  2444 | D:4      | 2444 ||| FLEEEEING.
  2445 | D:4      | 2445 ||| FLEEEEING.
  2446 | D:4      | 2446 ||| FLEEEEING.
  2447 | D:4      | 2447 ||| FLEEEEING.
  2448 | D:4      | 2448 ||| FLEEEEING.
  2449 | D:4      | 2449 ||| FLEEEEING.
  2450 | D:4      | 2450 ||| FLEEEEING.
  2451 | D:4      | 2451 ||| FLEEEEING.
  2458 | D:4      | HP: 8/52 [Edmund/+1 dire flail of protection (7)]
  2461 | D:4      | HP: 3/52 [Edmund/+1 dire flail of protection (6)]
  2462 | D:4      | Killed Edmund
  2485 | D:4      | 2485 ||| FLEEEEING.
  2487 | D:4      | 2487 ||| FLEEEEING.
  2488 | D:4      | 2488 ||| FLEEEEING.
  2490 | D:4      | 2490 ||| STAIRDANCE
  2879 | Sewer    | Entered a sewer
  3109 | Sewer    | 3109 ||| Stepping ~*~*~tactically~*~*~ (water).
  3172 | Sewer    | Reached skill level 7 in Ranged Weapons
  3172 | Sewer    | Reached XP level 7. HP: 53/61 MP: 7/7
  3209 | Sewer    | 3209 ||| DRINKING 2 purple potions.
  3210 | Sewer    | 3210 ||| DRINKING 2 murky inky potions.
  3210 | Sewer    | Gained mutation: You possess an exceptional clarity of
                  | mind. [potion of mutation]
  3210 | Sewer    | Gained mutation: You expend magic power (3 MP) to
                  | strengthen your wands. [potion of mutation]
  3211 | Sewer    | 3211 ||| DRINKING 2 glowing green potions.
  3226 | D:4      | 3226 ||| PLANNING D:1-11
  3519 | D:4      | 3519 ||| DRINKING 3 cyan potions.
  3520 | D:4      | 3520 ||| READING 2 scrolls of identify.
  3520 | D:4      | 3520 ||| IDENTIFYING coppery potion
  3521 | D:4      | 3521 ||| DROPPING 2 potions of degeneration.
  3540 | D:5      | Entered Level 5 of the Dungeon
  3556 | D:5      | Found an iron altar of Okawaru.
  3558 | D:5      | 3558 ||| PLANNING OKAWARU WORSHIP
  3631 | D:5      | Reached skill level 8 in Ranged Weapons
  3700 | D:5      | HP: 15/61 [something (1)]
  3701 | D:5      | 3701 ||| DRINKING 3 potions of heal wounds.
  3775 | D:5      | 3775 ||| FLEEEEING.
  3776 | D:5      | 3776 ||| FLEEEEING.
  3777 | D:5      | 3777 ||| FLEEEEING.
  3778 | D:5      | 3778 ||| STAIRDANCE
  3861 | D:4      | 3861 ||| READING scroll labelled GICROR SITS.
  3991 | D:5      | Noticed Sigmund
  4004 | D:5      | Killed Sigmund
  4005 | D:5      | Reached skill level 9 in Ranged Weapons
  4005 | D:5      | Reached XP level 8. HP: 55/68 MP: 8/8
  4118 | D:5      | Found a staircase to the Ecumenical Temple.
  4147 | D:5      | Found a glowing silver altar of Zin.
  4296 | D:5      | 4296 ||| READING scroll labelled MOXTETZADU.
  4297 | D:5      | 4297 ||| READING scroll labelled UKOVE WU OLLO.
  4298 | D:5      | 4298 ||| PLANNING TEMPLE
  4324 | Temple   | Entered the Ecumenical Temple
  4337 | Temple   | 4337 ||| PLANNING D:1-11
  4401 | D:6      | 4401 ||| SWAPPING to +0 shortbow.
  4402 | D:6      | 4402 ||| DROPPING +2 sling.
  4438 | D:6      | Reached skill level 6 in Fighting
  4458 | D:6      | Reached skill level 3 in Dodging
  4545 | D:6      | 4545 ||| SWAPPING to +0 orcbow.
  4546 | D:6      | 4546 ||| DROPPING +0 shortbow.
  4556 | D:6      | Found Yroogoit's Book Shop.
  4828 | D:6      | Reached skill level 10 in Ranged Weapons
  4876 | D:6      | 4876 ||| FLEEEEING.
  4877 | D:6      | 4877 ||| FLEEEEING.
  5046 | D:6      | 5046 ||| SWAPPING to +0 arbalest.
  5047 | D:6      | 5047 ||| DROPPING +0 orcbow.
  5245 | D:6      | HP: 17/73 [centaur/arrow (7)]
  5246 | D:6      | 5246 ||| READING scroll of teleportation.
  5246 | D:6      | HP: 6/73 [centaur/arrow (7)]
  5247 | D:6      | 5247 ||| DRINKING 2 potions of heal wounds.
  5846 | D:6      | 5846 ||| UPGRADING to +0 pair of boots.
  5851 | D:6      | 5851 ||| READING 2 scrolls of identify.
  5851 | D:6      | 5851 ||| IDENTIFYING blue potion
  5852 | D:6      | 5852 ||| DROPPING potion of ambrosia.
  5981 | D:7      | Found a shadowy altar of Dithmenos.
  5982 | D:7      | Found a sacrificial altar of Ru.
  5983 | D:7      | Found a basalt altar of Yredelemnul.
  6010 | D:7      | Reached XP level 9. HP: 79/79 MP: 9/9
  6037 | D:7      | 6037 ||| Stepping ~*~*~tactically~*~*~ (cloud).
  6179 | D:7      | Noticed a brown ugly thing
  6184 | D:7      | Noticed an ancient zyme
  6196 | D:7      | Found a transporter.
  6210 | D:7      | Reached skill level 11 in Ranged Weapons
  6373 | D:7      | HP: 19/79 [orc warrior/+0 glaive (8)]
  6374 | D:7      | 6374 ||| READING scroll of teleportation.
  6375 | D:7      | 6375 ||| DRINKING potion of heal wounds.
  6376 | D:7      | HP: 8/79 [poisoned by a scorpion]
  6381 | D:7      | HP: 4/79 [poisoned by a scorpion]
  6657 | D:7      | Reached skill level 12 in Ranged Weapons
  6735 | D:7      | 6735 ||| Stepping ~*~*~tactically~*~*~ (outnumbered).
  7076 | D:7      | Identified the +7 falchion of Division {flame, rPois rF+}
  7094 | D:7      | Found a transporter.
  7097 | D:7      | Found a one-way gate to the infinite horrors of the Abyss.
  7235 | D:7      | Noticed qw's ghost (novice MiHs)
  7278 | D:7      | 7278 ||| UPGRADING to amulet of reflection.
  7283 | D:7      | 7283 ||| UPGRADING to ring of protection from fire.
  7284 | D:7      | 7284 ||| READING 4 scrolls of identify.
  7284 | D:7      | 7284 ||| IDENTIFYING smoky orange potion
  7285 | D:7      | 7285 ||| DROPPING potion of lignification.
  7345 | D:8      | 7345 ||| FLEEEEING.
  7351 | D:8      | 7351 ||| STAIRDANCE
  7577 | D:8      | Reached skill level 13 in Ranged Weapons
  7577 | D:8      | Reached XP level 10. HP: 88/88 MP: 10/10
  7659 | D:8      | 7659 ||| READING scroll of enchant armour.
  7659 | D:8      | 7659 ||| ENCHANTING +0 pair of boots.
  7747 | D:8      | 7747 ||| FLEEEEING.
  7748 | D:8      | 7748 ||| FLEEEEING.
  7750 | D:8      | 7750 ||| FLEEEEING.
  7751 | D:8      | 7751 ||| FLEEEEING.
  7752 | D:8      | 7752 ||| FLEEEEING.
  7753 | D:8      | 7753 ||| FLEEEEING.
  7754 | D:8      | 7754 ||| FLEEEEING.
  7760 | D:8      | 7760 ||| FLEEEEING.
  7761 | D:8      | 7761 ||| FLEEEEING.
  7762 | D:8      | 7762 ||| FLEEEEING.
  7763 | D:8      | 7763 ||| FLEEEEING.
  7764 | D:8      | 7764 ||| FLEEEEING.
  7765 | D:8      | 7765 ||| FLEEEEING.
  7766 | D:8      | 7766 ||| FLEEEEING.
  7767 | D:8      | 7767 ||| FLEEEEING.
  7768 | D:8      | 7768 ||| FLEEEEING.
  7769 | D:8      | 7769 ||| FLEEEEING.
  7770 | D:8      | 7770 ||| FLEEEEING.
  7775 | D:8      | 7775 ||| STAIRDANCE
  7811 | D:7      | 7811 ||| READING 5 scrolls of identify.
  7811 | D:7      | 7811 ||| IDENTIFYING silvery potion
  7901 | D:8      | 7901 ||| Stepping ~*~*~tactically~*~*~ (outnumbered).
  7968 | D:8      | 7968 ||| READING scroll of enchant armour.
  7968 | D:8      | 7968 ||| ENCHANTING +1 pair of boots.
  8009 | D:8      | Found a broken altar of Ashenzari.
  8052 | D:8      | Reached skill level 9 in Fighting
  8270 | D:8      | 8270 ||| Stepping ~*~*~tactically~*~*~ (outnumbered).
  8278 | D:8      | Reached skill level 3 in Armour
  8379 | D:8      | 8379 ||| UPGRADING to +0 pair of gloves.
  8384 | D:8      | 8384 ||| READING 6 scrolls of identify.
  8384 | D:8      | 8384 ||| IDENTIFYING amethyst potion
  8385 | D:8      | 8385 ||| DROPPING potion of magic.
  8447 | D:9      | 8447 ||| Stepping ~*~*~tactically~*~*~ (outnumbered).
  8468 | D:9      | 8468 ||| Stepping ~*~*~tactically~*~*~ (outnumbered).
  8476 | D:9      | Reached skill level 6 in Dodging
  8480 | D:9      | 8480 ||| Stepping ~*~*~tactically~*~*~ (outnumbered).
  8552 | D:9      | 8552 ||| FLEEEEING.
  8701 | D:9      | Reached skill level 14 in Ranged Weapons
  9081 | D:9      | Found a sparkling altar of Nemelex Xobeh.
  9145 | D:9      | 9145 ||| Stepping ~*~*~tactically~*~*~ (outnumbered).
  9146 | D:9      | 9146 ||| Stepping ~*~*~tactically~*~*~ (outnumbered).
  9180 | D:9      | Noticed a two-headed ogre
  9185 | D:9      | Killed a two-headed ogre
  9542 | D:9      | Reached XP level 11. HP: 91/101 MP: 11/11
  9981 | D:9      | 9981 ||| UPGRADING to +3 ring mail of cold resistance.
  9991 | D:9      | 9991 ||| DROPPING +3 leather armour.
  9992 | D:9      | 9992 ||| DROPPING amulet of regeneration.
 10029 | D:10     | Entered Level 10 of the Dungeon
 10235 | D:10     | Noticed Urug
 10242 | D:10     | Killed Urug
 10243 | D:10     | Reached skill level 15 in Ranged Weapons
 10491 | D:10     | Noticed a two-headed ogre
 10496 | D:10     | Killed a two-headed ogre
 10497 | D:10     | Reached skill level 6 in Armour
 10750 | D:10     | 10750 ||| READING scroll labelled LOKOCL MEDAOFA.
 10919 | D:11     | Noticed a death yak
 10921 | D:11     | Noticed a death yak
 10921 | D:11     | Noticed a death yak
 10921 | D:11     | Noticed a death yak
 10922 | D:11     | Noticed a death yak
 10922 | D:11     | Noticed a death yak
 10933 | D:11     | Killed a death yak
 10934 | D:11     | HP: 21/101 [death yak (7)]
 10935 | D:11     | 10935 ||| READING 2 scrolls of teleportation.
 10935 | D:11     | HP: 5/101 [death yak (17)]
 10936 | D:11     | Slain by a death yak

Levels and vault maps discovered:
D:1:      amcnicky_arrival_double_pillar, layout_rooms, minmay_misc_feat_tower
D:2:      layout_rooms, hellmonk_ecumenical_altar_lost_god,
          dreamdust_mushroom_princess, uniq_jessica
D:3:      layout_basic, uniq_ijyb, uniq_robin, uniq_crazy_yiuf_cottage
D:4:      layout_loops_ring, portal_sewer_entry_c, nicolae_wormholes,
          uniq_edmund
D:5:      layout_rooms, general_overflow_altar, mainiacjoe_overflow_paths,
          minmay_temple_entry_slanted, uniq_sigmund
D:6:      layout_basic, serial_shops, shop, grunt_ministairs_15
D:7:      layout_basic, chequers_temple_overflow_statue_of_worship,
          gammafunk_ghost_abyssal_escape, minmay_increasing_density
D:8:      layout_cave_pods, nicolae_ashenzari_skybound, serial_gnoll_camp,
          gnoll_camp_mini_basic, gnoll_camp_mini_loothouse,
          gnoll_camp_mini_doghouse, gnoll_camp_huts_basic
D:9:      layout_stronghold, mainiacjoe_overflow_surrounded_room,
          chequers_serial_rivers_room_a, hangedman_incinerator
D:10:     layout_loops_ring, minmay_between, uniq_urug
D:11:     layout_stronghold, dpeg_lair_monsters, orc_0_dummy, uniq_sonja
Temple:   hellmonk_temple_two_chambers

Skill      XL: |  1  2  3  4  5  6  7  8  9 10 11 |
---------------+----------------------------------+-----
Ranged Weapons | 3 4 5 6 7 9 10 13 14 15 | 15.4
Fighting       | 2 3 5 7 8 10 | 10.5
Armour         | 1 2 4 6 |  6.6
Dodging        | 3 5 6 |  6.0
Spellcasting   | |  1.0
Hexes          | |  2.0

Action                     |  1- 3 |  4- 6 |  7- 9 | 10-12 || total
---------------------------+-------+-------+-------+-------++-------
   Fire: Sling             |   128 |   272 |   124 |       ||   524
         Orcbow            |       |       |    47 |       ||    47
         Arbalest          |       |       |   199 |   351 ||   550
         Shortbow          |       |       |    15 |       ||    15
    Use: Scroll            |     3 |    10 |     8 |     6 ||    27
         Potion            |       |     2 |     7 |       ||     9
 Armour: Robe              |     3 |       |       |       ||     3
         Leather armour    |    12 |    76 |   109 |    62 ||   259
         Ring mail         |       |       |       |    21 ||    21
  Dodge: Dodged            |    44 |   104 |   185 |   161 ||   494
  Block: Other             |       |       |    15 |    71 ||    86
         Reflection        |       |       |       |     3 ||     3

Table legend:
 A = Non-vault XP
 B = Vault XP
 C = Vault XP percentage of total XP
 D = Non-vault monster count
 E = Vault monster count
 F = Vault count percentage of total count
                 A         B        C        D         E       F
            +---------+---------+-------+---------+---------+-------
      Total |   10316 |    5979 |  36.7 |     174 |     103 |  37.2
            +---------+---------+-------+---------+---------+-------
        D:1 |      28 |       0 |   0.0 |      15 |       0 |   0.0
        D:2 |      50 |      99 |  66.4 |      17 |       9 |  34.6
        D:3 |     181 |       8 |   4.2 |      12 |       4 |  25.0
        D:4 |     148 |     187 |  55.8 |      13 |      10 |  43.5
        D:5 |     397 |     231 |  36.8 |      14 |       1 |   6.7
        D:6 |    1075 |     125 |  10.4 |      17 |       2 |  10.5
        D:7 |     906 |     919 |  50.4 |      20 |      10 |  33.3
        D:8 |     996 |     923 |  48.1 |      17 |      31 |  64.6
        D:9 |    4401 |    1058 |  19.4 |      35 |       7 |  16.7
       D:10 |    2134 |    1393 |  39.5 |      14 |       5 |  26.3
       D:11 |       0 |     809 | 100.0 |       0 |       1 | 100.0
      Sewer |       0 |     227 | 100.0 |       0 |      23 | 100.0
            +---------+---------+-------+---------+---------+-------
